 Dungeon Crawl Stone Soup version 0.29.0-4-gdea44cf6ec (webtiles) character file.

Game seed: 17240740496649059774

9 qw the Sneak (level 2, -1/19 HPs)
             Began as a Gargoyle Delver on Sept 10, 2022.
             Slain by an iguana (11 damage)
             ... on level 5 of the Dungeon.
             The game lasted 00:00:03 (65 turns).

qw the Sneak (Gargoyle Delver)                        Turns: 65, Time: 00:00:03

Health: -1/19      AC:  5    Str: 15    XL:     2   Next: 16%
Magic:  2/2        EV: 11    Int: 10    God:
Gold:   0          SH:  0    Dex: 11    Spells: 1/1 levels left

rFire   . . .      SeeInvis .   a - +0 hand axe
rCold   . . .      Faith    .   (no shield)
rNeg    + . .      Spirit   .   b - +0 leather armour
rPois   inf        Reflect  .   (no helmet)
rElec   +          Harm     .   (no cloak)
rCorr   .          Rampage  .   (no gloves)
Will    .....                   (no boots)
Stlth   +++.......              (no amulet)
HPRegen 0.06/turn               (no ring)
MPRegen 0.08/turn               (no ring)

@: no status effects
A: sickness immunity, AC +2, negative energy resistance 1, electricity
resistance, torment resistance 1, petrification resistance
a: no special abilities


You were on level 5 of the Dungeon.
You visited 1 branch of the dungeon, and saw 1 of its levels.


Innate Abilities, Weirdness & Mutations

You are immune to sickness and miasma.
Your stone body is resilient. (AC +2)
You are immune to poison.
You resist negative energy. (rN+)
You are resistant to electric shocks. (rElec)
You are resistant to unholy torment.
You are immune to petrification.


   Skills:
 - Level 3.2 Fighting
 + Level 2.5 Axes
 - Level 1.5 Dodging
 - Level 5.4 Stealth


You had one spell level left.
You didn't know any spells.
Your spell library was empty.

Inventory:

Hand Weapons
 a - a +0 hand axe (weapon)
Armour
 b - a +0 leather armour (worn)
Wands
 g - a wand of digging (3)
Scrolls
 c - a scroll of fog
 d - a scroll of magic mapping
 e - a scroll of fear
Potions
 f - a potion of haste
 h - 2 potions of heal wounds {unknown}

Dungeon Overview and Level Annotations

Branches:
Dungeon (5/15)
 Temple: D:4-7

Altars:


Message History

You closely miss the adder.
The adder is moderately wounded.
The adder closely misses you. The adder bites you but does no damage.
You hit the adder.
The adder is heavily wounded.
The adder bites you but does no damage.
You hit the adder.
You kill the adder!
Your Axes skill increases to level 2!
You have reached level 2!
You see here an adder corpse.
A howler monkey comes into view.
The howler monkey moves out of view.
Enter note: A howler monkey is nearby!
46 ||| Stepping ~*~*~tactically~*~*~ (stealth).
48 ||| Stepping ~*~*~tactically~*~*~ (stealth).
An iguana comes into view.
59 ||| Stepping ~*~*~tactically~*~*~ (stealth).
The howler monkey howls!
You hit the iguana but do no damage. The iguana closely misses you.
The howler monkey hoots and howls with incredible vigour!
An orc comes into view. It is wielding a +0 dagger.
The iguana misses you.
The orc shouts!
You hear a shout!
You hear a bark!
You hear a shout!
You hear an angry hiss.
You hear a shout! x5
You hit the iguana but do no damage. The iguana closely misses you.
You closely miss the iguana. The iguana bites you.
You hit the howler monkey but do no damage.
You hit the iguana but do no damage. The howler monkey hits you.
The iguana barely misses you.
You hit the howler monkey.
The howler monkey is moderately wounded.
You closely miss the orc. You hit the iguana.
The howler monkey hoots and howls with incredible vigour!
The orc closely misses you. The iguana bites you!
Ouch! That really hurt!
You die...

... ... #..#
.. #.. #.##
#.. ...##
#.. ....#
#.###....#..
#...o.......
#...@l......
#....h......
#.####...#..
#.# #..#.# #
#.###..#.###
#.##.......#
#.##...h...#
#.##.......#
#....#.#.###


You could see a howler monkey (catching breath), an iguana and an orc.

Vanquished Creatures
  An adder (D:5)
1 creature vanquished.

Notes
Turn   | Place    | Note
-------+----------+-------------------------------------------
     0 | D:5      | qw the Gargoyle Delver began the quest for the Orb.
     0 | D:5      | Reached XP level 1. HP: 14/14 MP: 1/1
     0 | D:5      | 0 ||| qw: Version: 0.1-a-117-gfe26ee0
     0 | D:5      | 0 ||| qw: Game counter: 9827
     0 | D:5      | 0 ||| qw: Always use a shield: true
     0 | D:5      | 0 ||| qw: God list: Okawaru
     0 | D:5      | 0 ||| qw: Allow faded altars: false
     0 | D:5      | 0 ||| qw: Do Orc after D:15 true
     0 | D:5      | 0 ||| qw: Do second Lair branch before Depths: true
     0 | D:5      | 0 ||| qw: Lair rune preference: random
     0 | D:5      | 0 ||| qw: Plans: Normal
     0 | D:5      | 0 ||| PLANNING D:1-11
    23 | D:5      | Reached XP level 2. HP: 19/19 MP: 2/2
    43 | D:5      | Noticed a howler monkey
    46 | D:5      | 46 ||| Stepping ~*~*~tactically~*~*~ (stealth).
    48 | D:5      | 48 ||| Stepping ~*~*~tactically~*~*~ (stealth).
    59 | D:5      | 59 ||| Stepping ~*~*~tactically~*~*~ (stealth).
    65 | D:5      | Slain by an iguana

Levels and vault maps discovered:
D:5:      layout_basic, amethyst_overflow_temple_binary,
          ebering_ghost_rock_garden, minmay_ruined_shrine, uniq_menkaure

Skill      XL: |  1 |
---------------+----+-----
Axes           | 2 |  2.5
Fighting       | |  3.2
Dodging        | |  1.5
Stealth        | |  5.4

Action                   || total
-------------------------++-------
Melee: Hand axe          ||    14
Armor: Leather armour    ||     6
Dodge: Dodged            ||    12

Table legend:
 A = Non-vault XP
 B = Vault XP
 C = Vault XP percentage of total XP
 D = Non-vault monster count
 E = Vault monster count
 F = Vault count percentage of total count
                 A         B        C        D         E       F
            +---------+---------+-------+---------+---------+-------
      Total |      14 |       0 |   0.0 |       1 |       0 |   0.0
            +---------+---------+-------+---------+---------+-------
        D:5 |      14 |       0 |   0.0 |       1 |       0 |   0.0
            +---------+---------+-------+---------+---------+-------
